 Dungeon Crawl Stone Soup version 0.29.0-4-gdea44cf6ec (webtiles) character file.

Game seed: 4943001974571090907

115 qw the Chopper (level 5, -2/30 HPs)
             Began as a Tengu Warper on Aug 28, 2022.
             Slain by a gnoll
             ... wielding a +0 flail
              (7 damage)
             ... on level 3 of the Dungeon.
             The game lasted 00:00:14 (2364 turns).

qw the Chopper (Tengu Warper)                       Turns: 2364, Time: 00:00:15

Health: -2/30      AC:  8    Str: 13    XL:     5   Next: 0%
Magic:  9/9        EV:  5    Int: 14    God:
Gold:   14         SH:  8    Dex: 13    Spells: 8/8 levels left

rFire   + . .      SeeInvis .   Y - +0 hand axe
rCold   + . .      Faith    .   d - +0 kite shield
rNeg    . . .      Spirit   .   g - +0 chain mail
rPois   .          Reflect  .   (helmet restricted)
rElec   .          Harm     .   b - scarf {rC+ rF+}
rCorr   .          Rampage  .   (no gloves)
Will    .....                   (boots unavailable)
Stlth   ..........              (no amulet)
HPRegen 0.10/turn               (no ring)
MPRegen 0.11/turn               (no ring)

@: flying quickly and evasively, quick
A: beak, talons 3, nimble flight
a: no special abilities


You were on level 3 of the Dungeon.
You visited 1 branch of the dungeon, and saw 3 of its levels.

You collected 118 gold pieces.
You spent 104 gold pieces at shops.


Innate Abilities, Weirdness & Mutations

You have a beak for a mouth.
You have claws for feet.
Your magical nature lets you fly swiftly and evasively.


   Skills:
 - Level 2.0 Fighting
 + Level 4.1 Axes
 - Level 1.0 Throwing
 - Level 1.1 Armour
 - Level 2.1 Dodging
 - Level 3.0 Shields
 - Level 2.0 Spellcasting
 - Level 2.4 Translocations


You had 8 spell levels left.
You didn't know any spells.
Your spell library contained the following spells:

 Spells                   Type           Power      Damage    Failure   Level
 Blink                    Tloc           16%        N/A       100%        2
 Gell's Gravitas          Tloc           8%         N/A       100%        3
 Lesser Beckoning         Tloc           8%         N/A       100%        3
 Teleport Other           Tloc           8%         N/A       100%        3
 Manifold Assault         Tloc           8%         N/A       100%        5

Inventory:

Hand Weapons
 h - a +0 mace
 Y - a +0 hand axe (weapon)
Armour
 b - a scarf of resistance (worn)
 d - a +0 kite shield (worn)
 g - a +0 chain mail (worn)
Scrolls
 a - a scroll of enchant armour
 e - 2 scrolls of identify
Potions
 f - 2 potions of curing
 i - 2 potions of haste
 j - a potion of mutation {unknown}

Dungeon Overview and Level Annotations

Branches:
Dungeon (3/15)

Altars:

Shops:
D:3 (?


Message History

You block the gnoll's attack.
You hit the gnoll.
The gnoll is moderately wounded.
You hit the giant cockroach but do no damage.
The giant cockroach bites you but does no damage.
You block the gnoll's attack.
The giant cockroach bites you but does no damage.
You hit the gnoll. You claw the gnoll. You peck the gnoll.
The gnoll is severely wounded.
You hit the giant cockroach but do no damage.
You hit the gnoll but do no damage. The gnoll hits you with a +0 halberd.
The gnoll hits you but does no damage.
The giant cockroach bites you but does no damage.
The gnoll hits you with a +0 club. The gnoll barely misses you.
You hit the gnoll but do no damage. You peck the gnoll.
The gnoll is almost dead.
You hit the giant cockroach.
You kill the giant cockroach!
You hit the gnoll but do no damage. The gnoll hits you with a +0 halberd.
You block the gnoll's attack. The gnoll completely misses you.
You have reached level 5!
Your magical nature develops, letting you fly swiftly and evasively.
You hit the gnoll but do no damage. You peck the gnoll.
The gnoll is almost dead.
You hit the gnoll but do no damage. You hit the gnoll.
The gnoll hits you with a +0 halberd. You block the gnoll's attack.
The gnoll hits you but does no damage. x2
You hit the gnoll but do no damage. Your peck misses the gnoll.
The gnoll is almost dead.
You barely miss the gnoll. You hit the gnoll but do no damage.
The gnoll hits you but does no damage. You block the gnoll's attack.
The gnoll hits you but does no damage. You block the gnoll's attack.
You hit the gnoll but do no damage. Your kick misses the gnoll.
The gnoll is almost dead.
You barely miss the gnoll. x2
The gnoll hits you with a +0 halberd. The gnoll hits you with a +0 club.
The gnoll hits you with a +0 flail. You block the gnoll's attack.
The gnoll hits you but does no damage. The gnoll hits you with a +0 flail!
You die...

#.# #. #.# #.#.# #. #.#
#.#.# ## #. #.# #.#.# #.
#< #.# #.#.# #. #. #.#
#.#.######. .#.###. #.#
#.#........
.....gg###.###.#..#####.
#....g@..........# ##
#####g###........#
.....>.....####
.....######### ######


You could see 4 gnolls.

Vanquished Creatures
  Robin (D:2)
  3 gnolls (D:2)
  2 adders
  2 worms (D:2)
  An orc (D:3)
  4 endoplasms
  A giant cockroach (D:3)
  7 goblins
  6 hobgoblins
  5 quokkas
  2 ball pythons (D:1)
  3 bats
  4 frilled lizards
  6 kobolds
  5 rats
52 creatures vanquished.

Notes
Turn   | Place    | Note
-------+----------+-------------------------------------------
     0 | D:1      | qw the Tengu Warper began the quest for the Orb.
     0 | D:1      | Reached XP level 1. HP: 12/12 MP: 4/4
     0 | D:1      | 0 ||| qw: Version: 0.1-a-89-g26bdef1
     0 | D:1      | 0 ||| qw: Game counter: 3068
     0 | D:1      | 0 ||| qw: Always use a shield: true
     0 | D:1      | 0 ||| qw: God list: Okawaru
     0 | D:1      | 0 ||| qw: Allow faded altars: false
     0 | D:1      | 0 ||| qw: Do Orc after D:15 true
     0 | D:1      | 0 ||| qw: Do second Lair branch before Depths: true
     0 | D:1      | 0 ||| qw: Lair rune preference: random
     0 | D:1      | 0 ||| qw: Plans: Normal
     0 | D:1      | 0 ||| PLANNING D:1-11
   167 | D:1      | 167 ||| Stepping ~*~*~tactically~*~*~ (stealth).
   173 | D:1      | Reached XP level 2. HP: 17/17 MP: 6/6
   174 | D:1      | Reached skill level 3 in Axes
   713 | D:1      | 713 ||| UPGRADING to +0 kite shield.
   718 | D:1      | 718 ||| UPGRADING to +0 ring mail.
   728 | D:1      | 728 ||| DROPPING +0 leather armour.
   729 | D:1      | 729 ||| UPGRADING to +0 chain mail.
   739 | D:1      | 739 ||| DROPPING +0 ring mail.
   740 | D:1      | 740 ||| DRINKING 2 yellow potions.
   741 | D:1      | 741 ||| DROPPING scroll of blinking.
   802 | D:2      | Reached skill level 1 in Shields
   802 | D:2      | Reached XP level 3. HP: 19/21 MP: 7/7
   810 | D:2      | 810 ||| FLEEEEING.
   814 | D:2      | 814 ||| STAIRDANCE
  1016 | D:2      | 1016 ||| Stepping ~*~*~tactically~*~*~ (stealth).
  1017 | D:2      | 1017 ||| Stepping ~*~*~tactically~*~*~ (stealth).
  1072 | D:2      | 1072 ||| Stepping ~*~*~tactically~*~*~ (stealth).
  1115 | D:2      | 1115 ||| Stepping ~*~*~tactically~*~*~ (stealth).
  1137 | D:2      | 1137 ||| Stepping ~*~*~tactically~*~*~ (stealth).
  1285 | D:2      | 1285 ||| Stepping ~*~*~tactically~*~*~ (stealth).
  1411 | D:2      | Reached XP level 4. HP: 26/26 MP: 8/8
  1435 | D:2      | Noticed Robin
  1437 | D:2      | Reached skill level 4 in Axes
  1437 | D:2      | 1437 ||| FLEEEEING.
  1438 | D:2      | HP: 6/26 [poisoned by an adder]
  1441 | D:2      | 1441 ||| STAIRDANCE
  1680 | D:1      | 1680 ||| UPGRADING to scarf of resistance.
  1685 | D:1      | 1685 ||| READING scroll labelled UCEDAGAUKIA.
  1704 | D:2      | Killed Robin
  2248 | D:2      | 2248 ||| DRINKING 2 smoky ruby potions.
  2249 | D:2      | 2249 ||| DRINKING 2 white potions.
  2250 | D:2      | 2250 ||| DROPPING potion of flight.
  2251 | D:2      | 2251 ||| DROPPING potion of attraction.
  2281 | D:3      | Found Gousiorph's Magic Scroll Shop.
  2287 | D:3      | 2287 ||| BUYING scroll of enchant armour (82 gold).
  2287 | D:3      | Bought a scroll of enchant armour for 82 gold pieces
  2287 | D:3      | 2287 ||| BUYING scroll of identify (22 gold).
  2287 | D:3      | Bought a scroll of identify for 22 gold pieces
  2287 | D:3      | 2287 ||| SHOPLISTING scroll of teleportation (33 gold, have
                  | 5).
  2302 | D:3      | Reached skill level 3 in Shields
  2327 | D:3      | Found Liss's Antique Weapon Emporium.
  2362 | D:3      | Gained mutation: Your magical nature lets you fly swiftly
                  | and evasively. [Tengu growth]
  2362 | D:3      | Reached XP level 5. HP: 19/30 MP: 9/9
  2364 | D:3      | HP: 6/30 [gnoll/+0 club (6)]
  2364 | D:3      | Slain by a gnoll

Levels and vault maps discovered:
D:1:      dpeg_arrival_three_same_balls, layout_rooms, serial_forest,
          infiniplex_forest_clump_tiny, infiniplex_forest_lined_1,
          infiniplex_forest_lined_corner, infiniplex_forest_corner_2,
          infiniplex_forest_lined_room_2, infiniplex_forest_split,
          infiniplex_forest_corner_1
D:2:      layout_loops_ring, uniq_robin
D:3:      layout_loops_ring, serial_shops, nicolae_shop_behind_doors, shop,
          nicolae_shop_window_shopping, shop, shop, gammafunk_ghost_cemetery,
          chequers_serial_rivers_room_a, kennysheep_minor_cross

Skill      XL: |  1  2  3  4 |
---------------+-------------+-----
Axes           | 3 4 |  4.1
Shields        | 1 2 3 |  3.0
Fighting       | |  2.0
Throwing       | |  1.0
Armour         | |  1.1
Dodging        | |  2.1
Spellcasting   | |  2.0
Translocations | |  2.4

Action                   |  1- 3 |  4- 6 || total
-------------------------+-------+-------++-------
Melee: Hand axe          |    69 |    67 ||   136
       Kick              |    17 |    14 ||    31
       Peck              |     3 |     8 ||    11
Throw: Boomerang         |     7 |       ||     7
  Use: Potion            |     1 |     2 ||     3
       Scroll            |       |     1 ||     1
Armor: Leather armour    |     3 |       ||     3
       Chain mail        |    17 |    29 ||    46
       Skin              |       |     9 ||     9
Dodge: Dodged            |    16 |     8 ||    24
Block: Kite shield       |    13 |    22 ||    35

Table legend:
 A = Non-vault XP
 B = Vault XP
 C = Vault XP percentage of total XP
 D = Non-vault monster count
 E = Vault monster count
 F = Vault count percentage of total count
                 A         B        C        D         E       F
            +---------+---------+-------+---------+---------+-------
      Total |     138 |      27 |  16.4 |      45 |       7 |  13.5
            +---------+---------+-------+---------+---------+-------
        D:1 |      23 |       0 |   0.0 |      17 |       0 |   0.0
        D:2 |      92 |      27 |  22.7 |      22 |       7 |  24.1
        D:3 |      23 |       0 |   0.0 |       6 |       0 |   0.0
            +---------+---------+-------+---------+---------+-------
